 Dungeon Crawl Stone Soup version 0.17.1-1-g73c8601 (console) character file.

33416 Kloppie the Cleaver (level 13, -15/130 HPs)
             Began as a Gargoyle Berserker on Dec 19, 2015.
             Was a High Priest of Trog.
             Demolished by a boulder beetle (29 damage)
             ... on level 5 of the Lair of Beasts.
             The game lasted 00:25:52 (14540 turns).

Kloppie the Cleaver (Gargoyle Berserker)           Turns: 14540, Time: 00:25:53

Health: -15/130    AC: 32    Str: 26    XL:     13   Next: 70%
Magic:  4/4        EV: 11    Int:  9    God:    Trog [*****.]
Gold:   1034       SH:  0    Dex: 13    Spells: 0 memorised, 12 levels left

rFire  + . .     SeeInvis +     a - +3 battleaxe (elec)
rCold  + + .     Clarity  +     B - +6 scale mail of Niediys {rC++ MP-9}
rNeg   + . .     SustAt   .     (shield currently unavailable)
rPois  ∞         Gourm    .     g - +1 hat {MR+}
rElec  +         Spirit   .     e - +1 cloak {+Inv}
rCorr  .         Warding  .     V - +0 pair of gloves
rMut   .         Stasis   .     F - +1 pair of boots
MR     +....                    i - amulet of clarity
Stlth  ..........               X - ring of see invisible
                                u - ring of protection from fire

@: berserking (expiring), very quick, somewhat resistant to hostile
enchantments, extremely unstealthy
A: negative energy resistance 1, electricity resistance, unbreathing,
petrification resistance, rot immunity, AC +9
a: Berserk, Trog's Hand, Brothers in Arms, Burn Spellbooks, Renounce Religion,
Evoke Invisibility


You were on level 5 of the Lair of Beasts.
You worshipped Trog.
Trog was extremely pleased with you.
You were very hungry.

You visited 2 branches of the dungeon, and saw 16 of its levels.
You also visited: Volcano.

You collected 1034 gold pieces.

Inventory:

Hand Weapons
 a - a +3 battleaxe of electrocution (weapon)
 b - a +2 flail of crushing
 C - a +5 broad axe of chopping
Armour
 e - a +1 cloak of invisibility (worn)
 g - a +1 hat of magic resistance (worn)
 n - a +3 scale mail of fire resistance
 B - the +6 scale mail of Niediys (worn) {rC++ MP-9}
   (You found it on level 8 of the Dungeon)

   It greatly protects you from cold.
   It affects your magic capacity (-9).
 F - a +1 pair of boots (worn)
 V - a +0 pair of gloves (worn)
Jewellery
 i - an amulet of clarity (around neck)
 u - a ring of protection from fire (left hand)
 X - a ring of see invisible (right hand)
Wands
 p - a wand of paralysis (13)
 r - a wand of frost (13)
 v - a wand of digging (9)
 y - a wand of teleportation (8)
 I - a wand of lightning (5)
Scrolls
 d - 6 scrolls of enchant armour
 q - 2 scrolls of teleportation
 A - 4 scrolls of remove curse
 E - a scroll of recharging
 S - 2 scrolls of immolation
 T - a scroll of fog
 W - 2 scrolls of fear
Potions
 f - a potion of lignification
 j - 2 potions of invisibility
 k - 3 potions of brilliance
 l - 3 potions of agility
 m - 3 potions of flight
 o - 3 potions of might
 s - 6 potions of curing
 t - a potion of cancellation
 z - 2 potions of degeneration {unknown}
 H - a potion of ambrosia
 J - a potion of resistance {unknown}
 M - a potion of haste {unknown}
 N - 3 potions of berserk rage {unknown}
 P - a potion of magic
 Q - 2 potions of heal wounds
Books
 O - a book of Burglary

   Spells                             Type                      Level
   a - Swiftness                      Charms/Air                   2
   b - Passwall                       Transmutation/Earth          3
   c - Passage of Golubria            Translocation                4
   d - Lee's Rapid Deconstruction     Earth                        5
   e - Darkness                       Hexes                        6
   f - Invisibility                   Hexes                        6
   Trog disapproves of the use of such an item.
 U - a book of the Tempests

   Spells                             Type                      Level
   a - Static Discharge               Conjuration/Air              3
   b - Lightning Bolt                 Conjuration/Air              5
   c - Fireball                       Conjuration/Fire             5
   d - Tornado                        Air                          9
   e - Shatter                        Earth                        9
   Trog disapproves of the use of such an item.
Miscellaneous
 x - a phial of floods
 K - a sack of spiders
Comestibles
 c - 10 bread rations
 h - a royal jelly
 w - 6 meat rations
 D - 11 fruits


   Skills:
 + Level 12.7 Fighting
 - Level 14.5 Axes
 - Level 13.0 Armour
 - Level 1.5 Dodging


You had 12 spell levels left.
You didn't know any spells.

Dungeon Overview and Level Annotations

Branches:
Dungeon (11/15)            Temple (0/1) D:4            Lair (5/8) D:11
 Spider (0/4) Lair:5
  Swamp: Lair:3-6    Shoals: Lair:3-6       Orc: D:9-12

Altars:
Ashenzari
Fedhas
Gozag
Okawaru
Trog
Xom
Yredelemnul
The Shining One

Shops:
D:9 *

Annotations:
D:5 Timinator's ghost, novice TrMo
Lair:2 exclusion: oklob plant


Innate Abilities, Weirdness & Mutations

You are resistant to torment.
Your stone body is resilient (AC +9).
You are immune to poison.
You resist negative energy.
You are resistant to electric shocks.
You can survive without breathing.
You are immune to petrification.
You are immune to rotting.


Message History

The boulder beetle bites you!!
* * * LOW HITPOINT WARNING * * *
A red film seems to cover your vision as you go berserk!
You feel yourself moving faster!
You feel mighty!
You are feeling very hungry.
The boulder beetle closely misses you.
Your scale mail of Niediys prevents you from hitting the boulder beetle.
The boulder beetle is heavily wounded.
You hit the boulder beetle.
There is a sudden explosion of sparks!
The boulder beetle is severely wounded.
You slash the boulder beetle!
The boulder beetle is almost dead.
The boulder beetle bites you!
* * * LOW HITPOINT WARNING * * *
You slash the boulder beetle!
The boulder beetle is almost dead.
You hit the boulder beetle but do no damage.
The boulder beetle is almost dead.
The boulder beetle bites you!!
You die...

##..........P......#PP#
#...................PP#
#.....................##
#
#.....................###
#.....###............P##.
####.#.#.............##..
####...............##.
###.#..............##.
#....@...........P####
#....†B...........#####
#....#...##.......##.##
#...###..###........###
#...# .#. #..........#
#... ..#.....#..P.... ##.
>. ....#####.##. #
....... ###.. ##. ###


You could see a boulder beetle.

Vanquished Creatures
  Gastronok (Lair:1)
  A hydra (Lair:2)
  Harold (D:11)
  A catoblepas (Lair:3)
  The ghost of Timinator the Grappler, a novice TrMo (Volcano)
  A queen ant (D:11)
  2 death yaks (Lair:5)
  A hell knight (Volcano)
  An unseen horror (D:11)
  Pikel (D:7)
  2 ugly things (D:11)
  3 black mambas
  7 elephants
  A toenail golem (Volcano)
  A gargoyle (D:11)
  Joseph (D:7)
  A torpor snail (Lair:5)
  2 molten gargoyles (Volcano)
  6 spiny frogs
  A fire drake (Lair:5)
  2 komodo dragons (Lair:3)
  A red devil (Volcano)
  A deep elf priest (D:9)
  2 two-headed ogres
  6 blink frogs
  A trapdoor spider zombie (D:11)
  4 trolls
  Sigmund (D:6)
  3 basilisks
  15 yaks
  A deep elf mage (D:10)
  2 wyverns
  A human (D:7)
  Eustachio (D:4)
  7 wolves
  7 hippogriffs
  A hell hound (Volcano)
  12 water moccasins
  10 soldier ants
  An orc warrior (D:11)
  2 black bears
  7 porcupines
  5 sky beasts
  A necrophage (D:7)
  5 centaurs
  4 ogres
  3 crocodiles
  A phantom (D:8)
  2 big kobolds
  10 giant frogs
  A scorpion (D:6)
  5 electric eels
  11 wights
  11 killer bees
  6 crimson imps
  4 orc wizards
  7 hounds
  A giant frog zombie (D:7)
  A giant frog skeleton (D:9)
  5 jellies
  Crazy Yiuf (D:2)
  4 orc priests
  11 iguanas
  3 centaur skeletons
  3 sheep (D:7)
  A killer bee zombie (D:11)
  32 worker ants
  A hound zombie (D:9)
  A hound skeleton (D:6)
  A worker ant zombie (D:10)
  30 river rats
  8 adders
  A shadow imp (D:11)
  2 oozes
  An adder skeleton (D:4)
  4 worms
  2 giant geckos
  25 orcs
  6 bats
  2 giant cockroaches
  13 hobgoblins
  7 jackals
  6 quokkas
  3 ball pythons
  10 giant newts
  3 goblins
  17 kobolds
  12 rats
  2 fungi (D:9)
  A plant (Lair:4)
420 creatures vanquished.

Vanquished Creatures (collateral kills)
  2 elephants (Lair:3)
2 creatures vanquished.

Vanquished Creatures (others)
  A jelly (D:7)
  A fungus (Lair:3)
  A plant (Lair:5)
3 creatures vanquished.

Grand Total: 425 creatures vanquished

Notes
Turn   | Place    | Note
--------------------------------------------------------------
     0 | D:1      | Kloppie the Gargoyle Berserker began the quest for the Orb.
     0 | D:1      | Reached XP level 1. HP: 14/14 MP: 1/1
   130 | D:1      | Reached XP level 2. HP: 19/19 MP: 2/2
   654 | D:2      | Reached ** piety under Trog
   663 | D:2      | Reached skill level 4 in Fighting
   669 | D:2      | Reached XP level 3. HP: 18/24 MP: 3/3
  1173 | D:2      | Reached XP level 4. HP: 28/30 MP: 4/4
  1191 | D:2      | Noticed Crazy Yiuf
  1195 | D:2      | Killed Crazy Yiuf
  1618 | D:2      | Reached XP level 5. HP: 31/34 MP: 5/5
  1737 | D:3      | Reached skill level 5 in Fighting
  1945 | D:3      | Reached *** piety under Trog
  1949 | D:3      | Found a glowing drain.
  2582 | D:4      | Reached XP level 6. HP: 21/40 MP: 6/6
  2763 | D:4      | Noticed Eustachio
  2773 | D:4      | Killed Eustachio
  2773 | D:4      | Reached skill level 6 in Fighting
  2773 | D:4      | Reached skill level 5 in Axes
  2915 | D:4      | Found a staircase to the Ecumenical Temple.
  3170 | D:5      | Entered Level 5 of the Dungeon
  3194 | D:5      | Noticed Timinator's ghost (novice TrMo)
  3215 | D:6      | Reached XP level 7. HP: 7/47 MP: 7/7
  3850 | D:6      | Noticed Sigmund
  3855 | D:6      | Reached skill level 7 in Fighting
  3866 | D:6      | Killed Sigmund
  4057 | D:7      | Reached XP level 8. HP: 50/53 MP: 8/8
  4141 | D:7      | Reached skill level 8 in Fighting
  4249 | D:7      | Noticed a hippogriff
  4260 | D:7      | Reached **** piety under Trog
  4269 | D:7      | Killed a hippogriff
  4399 | D:7      | Noticed Joseph
  4429 | D:7      | Killed Joseph
  4429 | D:7      | Reached skill level 9 in Fighting
  4473 | D:7      | Reached XP level 9. HP: 60/60 MP: 9/9
  4520 | D:7      | Found an opulent altar of Gozag.
  4740 | D:7      | Noticed Pikel
  4798 | D:7      | Killed Pikel
  4798 | D:7      | Reached skill level 10 in Fighting
  4827 | D:7      | Noticed a yak
  4827 | D:7      | Noticed a human
  4862 | D:7      | Killed a human
  4863 | D:7      | Killed a yak
  5034 | D:7      | Reached skill level 11 in Fighting
  5054 | D:7      | Reached XP level 10. HP: 53/69 MP: 10/10
  5070 | D:7      | Identified a scroll of acquirement
  5589 | D:8      | Got a translucent scale mail
  5715 | D:8      | Identified the +6 scale mail of Niediys {rC++ MP-9} (You found it on level 8 of the Dungeon)
  6229 | D:9      | Reached skill level 10 in Axes
  6236 | D:9      | Received a gift from Trog
  6600 | D:9      | Found Haenaaf's Assorted Antiques.
  6650 | D:9      | Reached skill level 12 in Fighting
  6814 | D:9      | Found an iron altar of Okawaru.
  6817 | D:9      | Found a blossoming altar of Fedhas.
  6822 | D:9      | Found a shimmering altar of Xom.
  6847 | D:9      | Found a basalt altar of Yredelemnul.
  6848 | D:9      | Found a bloodstained altar of Trog.
  6849 | D:9      | Found an opulent altar of Gozag.
  6854 | D:9      | Found a shattered altar of Ashenzari.
  6944 | D:9      | Found a glowing golden altar of the Shining One.
  7070 | D:10     | Entered Level 10 of the Dungeon
  7298 | D:10     | Reached XP level 11. HP: 76/76 MP: 2/11
  7546 | D:10     | Reached skill level 5 in Armour
  7755 | D:11     | Noticed a queen ant
  7782 | D:11     | Killed a queen ant
  7790 | D:11     | Reached ***** piety under Trog
  8077 | D:11     | Found a staircase to the Lair.
  8411 | D:11     | Killed an unseen horror
  8655 | D:11     | Noticed Harold
  8679 | D:11     | Killed Harold
  8679 | D:11     | Reached XP level 12. HP: 81/81 MP: 3/12
  8986 | Lair:1   | Entered Level 1 of the Lair of Beasts
  9450 | Lair:1   | Noticed Gastronok
  9463 | Lair:1   | Killed Gastronok
  9690 | Lair:1   | Reached skill level 10 in Armour
 10234 | Lair:1   | Reached skill level 13 in Axes
 10452 | Lair:2   | Received a gift from Trog
 10549 | Lair:2   | Found a dark tunnel.
 10569 | Volcano  | Entered a volcano
 10677 | Volcano  | Noticed Timinator's ghost (novice TrMo)
 10704 | Volcano  | Killed Timinator's ghost
 10820 | Volcano  | Found a bloodstained altar of Trog.
 11545 | Lair:2   | Noticed a six-headed hydra
 11564 | Lair:2   | Killed a six-headed hydra
 11772 | Lair:3   | Reached XP level 13. HP: 16/86 MP: 4/13
 12066 | Lair:3   | Reached skill level 14 in Axes
 14528 | Lair:5   | Found a hole to the Spider Nest.
 14540 | Lair:5   | Demolished by a boulder beetle

Action                   |  1- 3 |  4- 6 |  7- 9 | 10-12 | 13-15 || total
-------------------------+-------+-------+-------+-------+-------++-------
Melee: Hand axe          |   138 |   195 |   395 |       |       ||   728
       Battleaxe         |       |       |       |   583 |   240 ||   823
       Flail             |       |       |       |    13 |       ||    13
Invok: Berserk           |     1 |     3 |     3 |     2 |     2 ||    11
       Trog's Hand       |       |     1 |     4 |     6 |     1 ||    12
       Brothers in Arms  |       |       |       |     1 |     1 ||     2
  Use: Scroll            |       |       |       |    23 |     5 ||    28
  Eat: Chunk             |     2 |     9 |    10 |    23 |     7 ||    51
       Pizza             |       |       |     1 |       |       ||     1
       Beef jerky        |       |       |       |     1 |     1 ||     2
       Fruit             |       |       |       |       |     2 ||     2
